 Dungeon Crawl Stone Soup version 0.24.0-123-gd5b16e6ec5 (webtiles) character file.

Game seed: 13173200776609188523, levelgen mode: deterministic

2821 vurker the Thaumaturge (level 9, -1/52 HPs)
             Began as a Deep Elf Air Elementalist on Feb 5, 2020.
             Slain by a yak (15 damage)
             ... on level 8 of the Dungeon.
             The game lasted 00:12:09 (9859 turns).

vurker the Thaumaturge (Deep Elf Air Elementalist)  Turns: 9859, Time: 00:12:10

Health: -1/52      AC:  3    Str:  5    XL:     9   Next: 45%
Magic:  1/24       EV: 13    Int: 24    God:
Gold:   396        SH:  0    Dex: 15    Spells: 17/27 levels left

rFire    . . .     SeeInvis +   q - +1 dagger
rCold    . . .     Gourm    .   (no shield)
rNeg     . . .     Faith    .   a - +0 robe
rPois    .         Spirit   .   (no helmet)
rElec    .         Reflect  .   k - +0 cloak
rCorr    .         Harm     .   (no gloves)
MR       .....                  (no boots)
Stlth    ++........             (no amulet)
HPRegen  0.17/turn              g - ring of see invisible
MPRegen  0.19/turn              (no ring)

@: no status effects
A: no striking features
a: no special abilities


You were on level 8 of the Dungeon.
You were not hungry.

You visited 2 branches of the dungeon, and saw 9 of its levels.

You collected 396 gold pieces.

Inventory:

Hand Weapons
 q - a +1 dagger (weapon)
   (You took it off Ijyb on level 3 of the Dungeon)
Armour
 a - a +0 robe (worn)
 k - a +0 cloak (worn)
   (You took it off Crazy Yiuf on level 7 of the Dungeon)
Jewellery
 f - an uncursed ring of ice
   (You found it on level 7 of the Dungeon)
 g - a ring of see invisible (left hand)
   (You found it on level 1 of the Dungeon)
 m - an uncursed ring of fire
   (You found it on level 2 of the Dungeon)
Wands
 c - a wand of disintegration (13)
   (You found it on level 2 of the Dungeon)
 d - a wand of iceblast (6)
   (You took it off Ijyb on level 3 of the Dungeon)
 x - a wand of acid (5)
   (You found it on level 8 of the Dungeon)
Scrolls
 l - a scroll of remove curse
 n - 2 scrolls of fog
 r - 2 scrolls of immolation
 s - 3 scrolls of teleportation
 w - 2 scrolls of fear
Potions
 b - a potion of brilliance
 h - 2 potions of might {unknown}
 i - 2 potions of curing
 p - 2 potions of cancellation
 t - a potion of magic
 u - a potion of flight
 v - a potion of mutation
 z - a potion of haste
Comestibles
 e - 15 rations


   Skills:
 + Level 3.8 Fighting
 - Level 2.4 Dodging
 - Level 2.4 Stealth
 * Level 9.7 Spellcasting
 * Level 7.5 Conjurations
 * Level 7.7 Air Magic


You had 17 spell levels left.
You knew the following spells:

 Your Spells              Type           Power        Failure   Level  Hunger
a - Shock                 Conj/Air       ####         1%          1    None
b - Lightning Bolt        Conj/Air       #####.....   7%          5    ####...
c - Airstrike             Air            #####.....   2%          4    #......

Your spell library contained the following spells:

 Spells                   Type           Power        Failure   Level  Hunger
 Swiftness                Chrm/Air       ####....     1%          2    None
 Throw Frost              Conj/Ice       ####..       1%          2    None
 Static Discharge         Conj/Air       #####...     1%          3    None
 Animate Skeleton         Necr           N/A          5%          1    None
 Apportation              Tloc           ##....       5%          1    None
 Confusing Touch          Hex            ##....       5%          1    None
 Freeze                   Ice            ##..         5%          1    None
 Summon Small Mammal      Summ           ##..         5%          1    None
 Throw Icicle             Conj/Ice       ####....     12%         4    #......
 Ozocubu's Armour         Chrm/Ice       ##......     16%         3    None
 Summon Ice Beast         Ice/Summ       ##......     47%         4    #......


Dungeon Overview and Level Annotations

Branches:
Dungeon (8/15)             Temple (1/1) D:7
   Lair: D:8-11

Altars:
Ashenzari
Cheibriados
Dithmenos
Elyvilon
Fedhas
Gozag
Hepliaklqana
Kikubaaqudgha
Makhleb
Nemelex Xobeh
Okawaru
Qazlal
Ru
Sif Muna
Trog
Uskayaw
Wu Jian
Xom
Yredelemnul
Zin
The Shining One

Shops:
D:5 !

Annotations:
D:5 2 transporters, hazymike's ghost, novice OgMo


Message History

There is a shimmering blue altar of Sif Muna here.
x - a wand of acid (5)
There is an open door here.
You see here a yak skeleton.
You open the door.
Found a snail-covered altar of Cheibriados.
There is an open door here.
You see here a scale mail.
You see here a scale mail.
There is an open door here.
A yak and a jelly come into view.
Aim: a yak (resting)
The air twists around and strikes the yak!
The yak bellows!
The jelly quivers.
Aim: a jelly The air twists around and strikes the jelly!
Aim: a jelly (severely wounded)
The air twists around and strikes the jelly!
You kill the jelly!
Aim: a bullfrog simulacrum The zap hits the bullfrog simulacrum.
Aim: a bullfrog simulacrum (heavily damaged)
The zap hits the bullfrog simulacrum.
Aim: a bullfrog simulacrum (almost destroyed)
The zap hits the yak.
The zap hits the bullfrog simulacrum!
The bullfrog simulacrum vapourises!
A worker ant comes into view.
Aim: a yak (moderately wounded)
The zap hits the yak but does no damage.
The worker ant twitches its antennae in your direction.
Aim: a yak (moderately wounded)
The zap hits the yak.
The zap misses the yak.
The yak gores you!
Aim: a yak (moderately wounded)
The zap hits the yak!
The zap hits the yak.
The yak gores you!
* * * LOW HITPOINT WARNING * * *
Aim: a yak (severely wounded)
You hear a mighty clap of thunder!
The bolt of lightning misses the yak.
The bolt of lightning misses the worker ant.
The yak gores you!
* * * LOW HITPOINT WARNING * * *
You don't have enough magic to cast that spell.
Aim: a yak (severely wounded)
The zap hits the yak!
The zap hits the worker ant.
The yak closely misses you.
Aim: a yak (almost dead)
The zap hits the yak.
The zap hits the worker ant but does no damage.
The yak gores you!
You die...

. .. .# .. #. .. #.###. #....
#####... #### ##...##a##...##
#.8.8.#Y#.8.8.#
#.._.[#@#.._..# #
####.8...#.#...8.### .
##.###...'#.#'...##.#######.
##....#####...#####.....##...
#...........⌠........##......
##.....#####..÷#####.######..≈
##.....##...'#.#'...### ##..≈≈
#......#.8...#.#...8.# #...≈≈
#......#.._..#.#.._..# #.....


You could see a yak and a worker ant.

Vanquished Creatures
  A yak (D:8)
  A hungry ghost (D:8)
  An orc warrior (D:5)
  Duvessa (D:6)
  3 ice beasts
  2 black bears
  An ogre (D:7)
  A centaur (D:5)
  Blork the orc (D:6)
  A bullfrog (D:6)
  Dowan (D:6)
  A scorpion (D:5)
  4 wights (D:7)
  An electric eel (D:8)
  2 crimson imps
  A quasit (D:6)
  A bullfrog zombie (D:6)
  Crazy Yiuf (D:7)
  A centaur zombie (D:7)
  A jelly (D:8)
  2 orc priests
  3 hounds
  4 bullfrog skeletons
  5 orc wizards
  A centaur skeleton (D:6)
  Ijyb (D:3)
  2 iguanas
  12 worker ants
  A bullfrog simulacrum (D:8)
  A centaur simulacrum (D:8)
  A hound skeleton (D:8)
  7 gnolls
  A worker ant zombie (D:5)
  7 adders
  A shadow imp (D:6)
  A white imp (D:8)
  3 oozes
  A worm (D:2)
  3 dart slugs (D:1)
  4 leopard geckos
  11 orcs
  5 bats
  3 giant cockroaches
  4 goblins
  5 hobgoblins
  5 quokkas
  3 ball pythons
  7 frilled lizards
  7 kobolds
  A quokka zombie (D:6)
  7 rats
146 creatures vanquished.

Notes
Turn   | Place    | Note
-------+----------+-------------------------------------------
     0 | D:1      | vurker the Deep Elf Air Elementalist began the quest for
                  | the Orb.
     0 | D:1      | Reached XP level 1. HP: 10/10 MP: 6/6
    98 | D:1      | Reached XP level 2. HP: 10/15 MP: 0/8
   684 | D:1      | Reached XP level 3. HP: 20/20 MP: 7/10
  1382 | D:2      | Reached skill level 4 in Spellcasting
  2011 | D:2      | Reached XP level 4. HP: 24/24 MP: 10/12
  2547 | D:3      | Found a shattered altar of Ashenzari.
  2877 | D:3      | Noticed Ijyb
  2896 | D:3      | Killed Ijyb
  2896 | D:3      | Reached skill level 1 in Fighting
  3236 | D:3      | Found a hazy altar of Hepliaklqana.
  3565 | D:4      | Reached XP level 5. HP: 29/29 MP: 9/13
  3641 | D:4      | Learned a level 5 spell: Lightning Bolt
  3646 | D:4      | Learned a level 4 spell: Airstrike
  3731 | D:4      | Found a bloodstained altar of Trog.
  3918 | D:4      | Reached skill level 5 in Spellcasting
  4156 | D:4      | Reached XP level 6. HP: 34/34 MP: 9/15
  4829 | D:5      | Entered Level 5 of the Dungeon
  4927 | D:5      | Reached skill level 5 in Air Magic
  5046 | D:5      | Reached skill level 6 in Spellcasting
  5049 | D:5      | Reached XP level 7. HP: 32/39 MP: 6/18
  5271 | D:5      | Found a transporter.
  5286 | D:5      | Noticed hazymike's ghost (novice OgMo)
  5544 | D:5      | Found a transporter.
  5580 | D:5      | Found Setim's Distillery.
  6065 | D:6      | Reached skill level 7 in Spellcasting
  6065 | D:6      | Reached skill level 5 in Conjurations
  6252 | D:6      | Noticed Duvessa
  6276 | D:6      | Killed Duvessa
  6276 | D:6      | Reached XP level 8. HP: 45/45 MP: 7/20
  6354 | D:6      | Noticed Dowan
  6361 | D:6      | Killed Dowan
  6801 | D:6      | Found a stormy altar of Qazlal.
  6911 | D:6      | Noticed Blork the orc
  6916 | D:6      | Killed Blork the orc
  7058 | D:6      | Found a shimmering altar of Xom.
  7095 | D:6      | Reached skill level 8 in Spellcasting
  7223 | D:6      | Found a blossoming altar of Fedhas.
  7223 | D:6      | Found an ornate altar of the Wu Jian Council.
  7778 | D:7      | Found a staircase to the Ecumenical Temple.
  8456 | D:7      | Reached XP level 9. HP: 51/51 MP: 15/23
  8462 | D:7      | Reached skill level 9 in Spellcasting
  8590 | D:7      | Found an iron altar of Okawaru.
  8598 | Temple   | Entered the Ecumenical Temple
  8931 | D:7      | Found a sparkling altar of Nemelex Xobeh.
  9090 | D:7      | Found a runed translucent door.
  9091 | D:7      | Noticed Crazy Yiuf
  9146 | D:7      | Killed Crazy Yiuf
  9810 | D:8      | Found a hide-covered altar of Uskayaw.
  9813 | D:8      | Found a white marble altar of Elyvilon.
  9816 | D:8      | Found a shimmering blue altar of Sif Muna.
  9830 | D:8      | Found a snail-covered altar of Cheibriados.
  9859 | D:8      | Slain by a yak

Levels and vault maps discovered:
D:1:      dpeg_arrival_solitude, layout_loops_ring, serial_forest,
          infiniplex_forest_lined_3, infiniplex_forest_straight_2,
          infiniplex_forest_end_2, infiniplex_forest_straight_2,
          infiniplex_forest_straight_1, infiniplex_forest_end_2
D:2:      layout_basic, serial_rivers, chequers_serial_rivers_small_b,
          chequers_serial_rivers_small_3, chequers_serial_rivers_room_a,
          chequers_serial_rivers_room_a, first_ration, minmay_misc_feat_alley,
          minmay_misc_feat_encased
D:3:      layout_loops_corners, marbit_many_paths, cheibrodos_ashenzari_chains,
          kennysheep_nondescript, uniq_ijyb
D:4:      layout_loops_ring, lemuel_tele_altar
D:5:      minmay_chambers_of_fours, layout_cave_pools,
          gammafunk_ghost_stat_death, serial_shops, shop
D:6:      layout_rooms, gammafunk_temple_overflow_forgotten,
          grunt_qazlal_clouds, uniq_duvessa, uniq_blork_the_orc
D:7:      layout_cave_pools, okawaru_metal_pillars_1_2, temple_statues,
          basic_altar, uniq_crazy_yiuf_cottage
D:8:      layout_cave_pods, vehumet_crystals, grunt_temple_overflow_cloverleaf,
          serial_ice, serial_ice_i, serial_ice_o, serial_ice_b, serial_ice_e,
          basic_altar
Temple:   compressed_dpeg_triangle_lava_temple

Skill      XL: |  1  2  3  4  5  6  7  8  9 |
---------------+----------------------------+-----
Conjurations   | 2 3 4 5 6 7 |  7.5
Spellcasting   | 4 5 6 7 8 9 |  9.7
Fighting       | 1 2 3 |  3.8
Air Magic      | 4 5 7 |  7.7
Dodging        | |  2.4
Stealth        | |  2.4

Action                   |  1- 3 |  4- 6 |  7- 9 || total
-------------------------+-------+-------+-------++-------
Melee: Unarmed           |     2 |       |       ||     2
 Cast: Shock             |    72 |   121 |   261 ||   454
       Airstrike         |       |     2 |    36 ||    38
       Lightning Bolt    |       |       |     1 ||     1
  Use: Potion            |     1 |       |       ||     1
       Scroll            |       |     1 |    18 ||    19
  Eat: Chunk             |     2 |     7 |    16 ||    25
       Ration            |       |     1 |       ||     1
Armor: Robe              |     2 |     2 |     6 ||    10
Dodge: Dodged            |     4 |    21 |    72 ||    97
